 Dungeon Crawl Stone Soup version 0.26-a0-28-gc929df5 (webtiles) character file.

Game seed: 3301462035659077727, levelgen mode: deterministic

1516 robertstho the Grappler (level 8, -1/117 HPs)
             Began as a Troll Berserker on May 27, 2020.
             Was an Elder of Trog.
             Slain by a troll (5 damage)
             ... on level 6 of the Dungeon.
             The game lasted 00:06:13 (4877 turns).

robertstho the Grappler (Troll Berserker)           Turns: 4877, Time: 00:06:13

Health: -1/117     AC:  7    Str: 26    XL:     8   Next: 54%
Magic:  7/7        EV: 11    Int:  5    God:    Trog [****..]
Gold:   264        SH:  0    Dex:  9    Spells: 7/7 levels left

rFire    . . .     SeeInvis .     - Unarmed
rCold    . . .     Gourm    +   (no shield)
rNeg     . . .     Faith    .   a - +0 animal skin
rPois    .         Spirit   .   (helmet restricted)
rElec    .         Reflect  .   u - +0 cloak
rCorr    .         Harm     .   (gloves unavailable)
MR       .....                  (boots unavailable)
Stlth    ..........             (no amulet)
HPRegen  0.69/turn              (no ring)
MPRegen  0.10/turn              (no ring)

@: berserking, very quick
A: large, unfitting armour, claws 3, fast metabolism 3, gourmand, regeneration
1, shaggy fur 1, tough skin 3
a: Berserk, Trog's Hand, Brothers in Arms, Renounce Religion


You were on level 6 of the Dungeon.
You worshipped Trog.
Trog was greatly pleased with you.
You were very full.

You visited 1 branch of the dungeon, and saw 6 of its levels.
You also visited: Sewer.

You collected 264 gold pieces.

Inventory:

Hand Weapons
 y - a +0 giant club
Armour
 a - a +0 animal skin (worn)
 u - a +0 cloak (worn)
Jewellery
 z - an uncursed amulet of reflection {unknown}
 C - an uncursed ring of protection from cold {unknown}
Wands
 B - a wand of iceblast (6)
Scrolls
 e - 4 scrolls of teleportation {unknown}
 f - a scroll of magic mapping {unknown}
 h - 3 scrolls of remove curse {unknown}
 j - 4 scrolls of immolation {unknown}
 n - 2 scrolls of fog {unknown}
 o - 5 scrolls of fear {unknown}
 q - a scroll of blinking {unknown}
 w - a scroll of noise {unknown}
 A - 3 scrolls of identify {unknown}
 D - a scroll of enchant weapon {unknown}
Potions
 c - 3 potions of lignification
 d - 2 potions of ambrosia {unknown}
 i - 4 potions of might
 k - a potion of magic {unknown}
 l - a potion of invisibility {unknown}
 m - a potion of berserk rage {unknown}
 p - a potion of haste {unknown}
 r - a potion of resistance {unknown}
 s - a potion of cancellation {unknown}
 t - 4 potions of heal wounds {unknown}
 v - 2 potions of degeneration {unknown}
 x - a potion of mutation {unknown}
Comestibles
 b - 10 rations


   Skills:
 * Level 4.2 Fighting
 + Level 4.1 Dodging
 + Level 0.5 Stealth
 * Level 9.4 Unarmed Combat


You had 7 spell levels left.
You didn't know any spells.
Your spell library was empty.

Dungeon Overview and Level Annotations

Branches:
Dungeon (6/15)             Temple (0/1) D:5           Sewer (visited)

Altars:
Trog

Annotations:
D:5 3 runed translucent doors, zbzbzb's ghost, amateur OpMo


Innate Abilities, Weirdness & Mutations

You are too large for most types of armour.
You have claws for hands.
Your metabolism is lightning-fast.
You like to eat raw meat.
Your natural rate of healing is unusually fast.
You are covered in fur. (AC +1)
You have extremely tough skin. (AC +3)


Message History

The troll is lightly wounded.
The troll bites you! The troll claws you! x2
You closely miss the troll. The troll bites you! The troll claws you!
* * * LOW HITPOINT WARNING * * *
The troll claws you!
* * * LOW HITPOINT WARNING * * *
You are too injured to fight recklessly!
You are too injured to fight recklessly!
You are too injured to fight recklessly!
You are too injured to fight recklessly!
You are too injured to fight recklessly!
You are too injured to fight recklessly!
You are too injured to fight recklessly!
You are too injured to fight recklessly!
A red film seems to cover your vision as you go berserk!
You feel yourself moving faster!
You feel mighty!
You feel a lot less full. The troll bites you!
* * * LOW HITPOINT WARNING * * *
The troll claws you.
You die...

......
.....
###....
#.(...
#....
#...#
#.Tr#
#.@.#
#...#
#<..#
#...#
#...#
#...#
....#
....#
.#...#


You could see a troll and a quokka.

Vanquished Creatures
  3 ogres
  2 bullfrogs
  A scorpion (D:4)
  A howler monkey (D:5)
  4 crimson imps (D:5)
  A centaur zombie (D:5)
  3 orc priests
  2 hounds
  8 orc wizards
  A bullfrog skeleton (D:5)
  6 worker ants
  A worker ant zombie (D:4)
  5 gnolls
  15 adders
  A river rat (Sewer)
  An ooze (D:3)
  An adder zombie (D:5)
  6 worms
  2 dart slugs
  2 leopard geckos
  15 orcs
  5 giant cockroaches
  7 goblins
  4 hobgoblins
  8 jackals
  10 kobolds
  3 quokkas
  7 ball pythons
  5 bats
  10 frilled lizards
  A jackal skeleton (D:4)
  A quokka skeleton (D:5)
  21 rats
163 creatures vanquished.

Notes
Turn   | Place    | Note
-------+----------+-------------------------------------------
     0 | D:1      | robertstho the Troll Berserker began the quest for the Orb.
     0 | D:1      | Reached XP level 1. HP: 22/22 MP: 0/0
   166 | D:1      | Reached XP level 2. HP: 12/29 MP: 1/1
   756 | D:2      | Reached XP level 3. HP: 35/36 MP: 2/2
  1177 | D:2      | Reached ** piety under Trog
  1177 | D:2      | Reached skill level 4 in Unarmed Combat
  1226 | D:2      | Reached XP level 4. HP: 36/45 MP: 3/3
  1522 | D:3      | Found a glowing drain.
  1554 | Sewer    | Entered a sewer
  1743 | Sewer    | Reached XP level 5. HP: 50/53 MP: 4/4
  2194 | D:3      | Reached *** piety under Trog
  2440 | D:3      | Found a faded altar of an unknown god.
  2453 | D:3      | Reached skill level 5 in Unarmed Combat
  2615 | D:3      | Reached XP level 6. HP: 58/61 MP: 5/5
  2836 | D:4      | Reached skill level 6 in Unarmed Combat
  3117 | D:4      | Reached XP level 7. HP: 66/67 MP: 6/6
  3436 | D:4      | Reached skill level 7 in Unarmed Combat
  3544 | D:4      | Found Zadaut's Distillery.
  3639 | D:5      | Entered Level 5 of the Dungeon
  3715 | D:5      | Reached skill level 8 in Unarmed Combat
  3801 | D:5      | Reached **** piety under Trog
  3801 | D:5      | Reached XP level 8. HP: 75/78 MP: 7/7
  3884 | D:5      | Noticed zbzbzb's ghost (amateur OpMo)
  3885 | D:5      | Found a runed translucent gate.
  3885 | D:5      | Found a runed translucent gate.
  3885 | D:5      | Found a runed translucent gate.
  4373 | D:5      | Found a staircase to the Ecumenical Temple.
  4385 | D:5      | Reached skill level 9 in Unarmed Combat
  4476 | D:5      | Found a bloodstained altar of Trog.
  4871 | D:6      | Noticed a troll
  4877 | D:6      | HP: 4/117 [troll (14)]
  4877 | D:6      | Slain by a troll

Illustrated notes

Levels and vault maps discovered:
D:1:      scummos_arrival_hexagon, layout_loops_ring
D:2:      layout_loops_cross, first_ration, minmay_three_crescents
D:3:      layout_loops_corners, portal_sewer_entry_a,
          chequers_ecumenical_altar_simple
D:4:      layout_gridville, serial_shops, shop, hangedman_abyss_or_decor_passed
D:5:      layout_layer_cave, minmay_temple_entry_mini_moons,
          gammafunk_ghost_split, lemuel_statue_altar
D:6:      layout_basic, uniq_sigmund

Skill      XL: |  1  2  3  4  5  6  7  8 |
---------------+-------------------------+-----
Fighting       | 3 4 |  4.2
Unarmed Combat | 4 5 6 8 9 |  9.4
Dodging        | 3 4 |  4.1
Stealth        | |  0.5

Action                   |  1- 3 |  4- 6 |  7- 9 || total
-------------------------+-------+-------+-------++-------
Melee: Unarmed           |    89 |   171 |   160 ||   420
       Punch             |     2 |     7 |     5 ||    14
Invok: Berserk           |       |     2 |     3 ||     5
       Trog's Hand       |       |     1 |       ||     1
  Use: Potion            |       |     2 |       ||     2
 Stab: Sleeping          |       |       |     1 ||     1
  Eat: Chunk             |    17 |    20 |    17 ||    54
Armor: Animal skin       |    50 |    73 |    44 ||   167
       Skin              |       |    35 |       ||    35
Dodge: Dodged            |    56 |    98 |    80 ||   234

Table legend:
 A = Non-vault XP
 B = Vault XP
 C = Vault XP percentage of total XP
 D = Non-vault monster count
 E = Vault monster count
 F = Vault count percentage of total count
                 A         B        C        D         E       F
            +---------+---------+-------+---------+---------+-------
      Total |    2076 |      91 |   4.2 |     131 |      32 |  19.6
            +---------+---------+-------+---------+---------+-------
        D:1 |      38 |       0 |   0.0 |      15 |       0 |   0.0
        D:2 |      66 |      36 |  35.3 |      20 |       6 |  23.1
        D:3 |     256 |       9 |   3.4 |      30 |       4 |  11.8
        D:4 |     521 |       0 |   0.0 |      20 |       0 |   0.0
        D:5 |    1111 |       0 |   0.0 |      45 |       0 |   0.0
        D:6 |      84 |       0 |   0.0 |       1 |       0 |   0.0
      Sewer |       0 |      46 | 100.0 |       0 |      22 | 100.0
            +---------+---------+-------+---------+---------+-------
